Match 46499192
Unlisted

Match 46499192
End
Pioneer Squad
Construct Infanterie Kompanie
MG 42 Machine Gun Team
Grenadier Squad
Grenadier Squad
GrW 34 Mortar Team
Construct Panzergrenadier Kompanie
Selects Mechanized Battlegroup
Pak 40 Anti-tank Gun Team
Medical Station
Infanterie Officer Quarters
251 Medium Carrier
Selects Raid Package
Panzergrenadier Squad
Panzergrenadier Squad
Support Elements
Nebelwerfer 42 Rocket Launcher Team
Pak 40 Anti-tank Gun Team
Panzergrenadier Officer Quarters
Pak 40 Anti-tank Gun Team
251 Medium Carrier
Selects 8 Rad Armored Car
Selects UNKNOWN (2160084)
Panzergrenadier Squad
8 Rad Armored Car
UH|ck
Nubbl0r
0
0

Comments sign in to comment!

No comments posted yet!